 Dungeon Crawl Stone Soup version 0.23.2-1-ga50397a6bc (webtiles) character file.

Game seed: 3366325984126583434

56 Pyrphoros the Grasshopper (level 3, -1/16 HPs)
             Began as a Felid Warper on May 25, 2019.
             Killed from afar by a white imp (9 damage)
             ... with a puff of frost
             ... summoned by Natasha
             ... on level 3 of the Dungeon.
             The game lasted 00:09:39 (2244 turns).

Pyrphoros the Grasshopper (Felid Warper)            Turns: 2244, Time: 00:09:39

Health: -1/16      AC:  1    Str:  8    XL:     3   Next: 69%
Magic:  8/8        EV: 19    Int: 14    God:
Gold:   66         SH:  0    Dex: 15    Spells: 2/7 levels left
                                        Lives:  0   Deaths: 0

rFire    + . .     SeeInvis +     - Unarmed
rCold    . . .     Gourm    .   (shield unavailable)
rNeg     . . .     Faith    .   (armour unavailable)
rPois    .         Spirit   .   (helmet unavailable)
rElec    .         Reflect  .   (cloak unavailable)
rCorr    .         Harm     .   (gloves unavailable)
MR       .....                  (boots unavailable)
Stlth    ++........             l - amulet of inaccuracy (curse)
HPRegen  0.05/turn              h - ring of protection from fire
MPRegen  0.11/turn              g - ring of flight

@: quick
A: very small, no armour, no weapons or thrown items, stealth, claws 1, fangs 3,
see invisible, carnivore, speed 1, shaggy fur 1, slow metabolism 1, sharp paws
a: Evoke Flight


You were on level 3 of the Dungeon.
You were completely stuffed.

You visited 1 branch of the dungeon, and saw 3 of its levels.

You collected 66 gold pieces.

Inventory:

Missiles
 a - 33 bolts
Jewellery
 g - a ring of flight (right paw)
 h - a ring of protection from fire (left paw)
 l - a cursed amulet of inaccuracy (around neck)
Scrolls
 b - 4 scrolls of blinking
 e - a scroll of identify
 f - a scroll of teleportation
Potions
 d - a potion of lignification
Comestibles
 c - 4 rations
 i - 2 chunks of flesh


   Skills:
 - Level 2.0 Fighting
 + Level 4.1 Dodging
 + Level 2.8 Unarmed Combat
 + Level 2.6 Spellcasting
 + Level 4.6 Translocations


You had 2 spell levels left.
You knew the following spells:

 Your Spells              Type           Power        Failure   Level  Hunger
a - Shroud of Golubria    Chrm/Tloc      #.........   13%         2    ###....
b - Gell's Gravitas       Tloc           ##........   10%         3    ###....

Your spell library contained the following spells:

 Spells                   Type           Power        Failure   Level  Hunger
 Blink                    Tloc           N/A          4%          2    ###....
 Lesser Beckoning         Tloc           ##........   10%         3    ###....
 Teleport Other           Tloc           ##......     10%         3    ###....
 Passage of Golubria      Tloc           N/A          32%         4    #####..


Dungeon Overview and Level Annotations

Branches:
Dungeon (3/15)

Altars:

Annotations:
D:3 Natasha


Innate Abilities, Weirdness & Mutations

You cannot wear armour.
You are incapable of wielding weapons or throwing items.
Your paws allow you to move quietly. (Stealth)
You have sharp claws.
You have razor-sharp teeth.
You have supernaturally acute eyesight. (SInv)
You are carnivorous and can eat meat at any time.
You cover ground quickly.
You are covered in fur. (AC +1)
You have a slow metabolism.
Your sharp claws are effective at attacking unaware monsters.


Message History

Natasha, Servant of Life and Death comes into view.
There is a stone staircase leading up here.
Natasha hisses angrily.
Natasha completely misses you.
Found 11 gold pieces and a ration.
You miss Natasha. Your bite misses Natasha.
Natasha mumbles some strange words.
You closely miss Natasha. You barely miss Natasha. Natasha claws you.
The white imp gestures at you. The puff of frost hits you!
You claw Natasha! Your bite misses Natasha.
Natasha is heavily wounded.
Natasha completely misses you.
You completely miss Natasha.
Natasha is heavily wounded.
The white imp gestures at you. The puff of frost hits you!
Ouch! That really hurt!
You die...

#####.....
#........#
#........#
#........#
#........#
##.....<..#
..........#
..........#
.......@#.#
........h...$#
.......5.....#
.............#
.............+
.............#
.............+
........%....#


You could see Natasha and a white imp.

Vanquished Creatures
  An adder (D:2)
  2 worms
  A dart slug (D:2)
  A leopard gecko (D:2)
  6 bats
  4 giant cockroaches (D:1)
  2 hobgoblins (D:1)
  4 jackals (D:1)
  A quokka (D:2)
  A ball python (D:2)
  7 goblins
  5 kobolds
  A rat (D:2)
36 creatures vanquished.

Notes
Turn   | Place    | Note
-------+----------+-------------------------------------------
     0 | D:1      | Pyrphoros the Felid Warper began the quest for the Orb.
     0 | D:1      | Reached XP level 1. HP: 9/9 MP: 4/4
   538 | D:2      | Reached XP level 2. HP: 13/13 MP: 6/6
   542 | D:2      | Learned a level 2 spell: Shroud of Golubria
  1002 | D:1      | Reached XP level 3. HP: 14/16 MP: 4/7
  1007 | D:1      | Learned a level 3 spell: Gell's Gravitas
  2236 | D:3      | Noticed Natasha
  2244 | D:3      | Killed from afar by a white imp

Skill      XL: |  1  2  3 |
---------------+----------+-----
Dodging        | 4 |  4.1
Fighting       | |  2.0
Unarmed Combat | |  2.8
Spellcasting   | |  2.6
Translocations | |  4.6

Action                   || total
-------------------------++-------
Melee: Unarmed           ||   166
       Bite              ||    14
       Punch             ||     2
 Cast: Shroud of Golubri ||    13
       Gell's Gravitas   ||     2
  Use: Scroll            ||     6
       Potion            ||     1
 Stab: Sleeping          ||     2
  Eat: Chunk             ||    11
Armor: Skin              ||     7
Dodge: Dodged            ||   143
